 Dungeon Crawl Stone Soup version 0.28-a0-1624-g820543e53a (webtiles) character file.

Game seed: 7679191657954299378

74 issech the Cudgeller (level 4, -5/44 HPs)
             Began as a Troll Monk on Jan 23, 2022.
             Slain by an ogre (24 damage)
             ... on level 3 of the Dungeon.
             The game lasted 00:04:46 (1291 turns).

issech the Cudgeller (Troll Monk)                   Turns: 1291, Time: 00:04:46

Health: -5/44      AC:  4    Str: 19    XL:     4   Next: 9%
Magic:  3/3        EV: 10    Int:  6    God:
Gold:   75         SH:  0    Dex: 14    Spells: 3/3 levels left

rFire   . . .      SeeInvis .   a - +0 mace
rCold   . . .      Faith    .   (no shield)
rNeg    . . .      Spirit   .   b - +0 robe
rPois   .          Reflect  .   (helmet restricted)
rElec   .          Harm     .   (no cloak)
rCorr   .          Rampage  .   (gloves unavailable)
Will    .....                   (boots unavailable)
Stlth   ++........              (no amulet)
HPRegen 0.94/turn               (no ring)
MPRegen 0.08/turn               (no ring)

@: no status effects
A: large, unfitting armour, claws 3, regeneration 1, shaggy fur 1, tough skin 1
a: no special abilities


You were on level 3 of the Dungeon.
You visited 1 branch of the dungeon, and saw 3 of its levels.

You collected 75 gold pieces.

Inventory:

Hand Weapons
 a - a +0 mace (weapon)
 i - a +1 short sword of electrocution
Missiles
 c - 9 poisoned darts (quivered)
 g - 55 stones
Armour
 b - a +0 robe (worn)
Scrolls
 h - 2 scrolls of immolation {unknown}
 j - 2 scrolls of brand weapon {unknown}
 k - a scroll of teleportation {unknown}
Potions
 d - a potion of ambrosia {unknown}
 e - a potion of haste
 f - 2 potions of mutation {unknown}
 l - a potion of berserk rage {unknown}


   Skills:
 + Level 2.8 Fighting
 + Level 3.8 Maces & Flails
 + Level 2.7 Dodging
 + Level 1.1 Stealth


You had 3 spell levels left.
You didn't know any spells.
Your spell library contained the following spells:

 Spells                   Type           Power      Damage    Failure   Level
 Apportation              Tloc           0%         N/A       45%         1
 Ensorcelled Hibernation  Hex/Ice        0%         N/A       58%         2
 Passwall                 Tmut/Erth      0%         N/A       58%         2
 Swiftness                Air            0%         N/A       83%         3
 Alistair's Intoxication  Tmut/Pois      0%         N/A       100%        5


Dungeon Overview and Level Annotations

Branches:
Dungeon (3/15)

Altars:


Innate Abilities, Weirdness & Mutations

You are too large for most types of armour.
You have claws for hands.
Your natural rate of healing is unusually fast.
You are covered in fur. (AC +1)
You have tough skin. (AC +1)


Message History

Found an escape hatch in the floor.
Found a stone staircase leading up.
There is a stone staircase leading up here.
A kobold comes into view. It is wielding a +0 club.
The kobold shouts!
You hear a shout!
The kobold throws a stone.
The stone hits you but does no damage.
An ogre comes into view. It is wielding a +0 giant club.
Found an emerald potion.
The kobold hits you with a +0 club.
A kobold comes into view. It is wielding a +0 dagger.
The kobold shouts!
You hit the kobold.
You kill the kobold!
Throw: 11 darts (poison)
Press: ? - help, Q - select action, (/) - cycle Shift-Dir - straight line, f - ogre
Aim: an ogre, wielding a +0 giant club (74% to hit)
You throw a poisoned dart. The poisoned dart hits the ogre.
The ogre is poisoned.
You hit the ogre.
The ogre is moderately wounded.
The ogre barely misses you.
The ogre looks more healthy.
The ogre hits you with a +0 giant club!
Throw: 10 darts (poison)
Press: ? - help, Q - select action, (/) - cycle Shift-Dir - straight line, f/p - ogre
Aim: an ogre, wielding a +0 giant club (moderately wounded, 74% to hit)
You throw a poisoned dart. The poisoned dart hits the ogre.
The ogre is poisoned.
The ogre is moderately wounded.
You sock the ogre!
The ogre is severely wounded.
The ogre hits you with a +0 giant club!!
The ogre looks more healthy.
The ogre hits you with a +0 giant club!
* * * LOW HITPOINT WARNING * * *
The kobold closely misses you. The kobold closely misses you.
A goblin comes into view. It is wielding a +0 dagger.
The kobold throws a stone.
The stone hits you but does no damage.
The goblin shouts!
The goblin closely misses you.
The ogre hits you with a +0 giant club!!
Ouch! That really hurt!
You die...

.## #...............#
..###...............#
.8.##...............#
...##...............#
....#...............#
....#...............#
.8..#..........Kg...#
....#..........O..###
.)†.#...........@.###
.....(..................
....#.............#.#...
............†.....#.# .
......#......)......#
###...#.............#
#...#........#....#
#...#........#....#
#.#..........# ..#


You could see an ogre, a goblin and a kobold.

Vanquished Creatures
  2 adders (D:2)
  A dart slug (D:1)
  8 bats
  6 endoplasms
  A giant cockroach (D:1)
  7 goblins
  3 hobgoblins
  4 jackals (D:2)
  5 kobolds
  4 quokkas
  3 ball pythons
  2 frilled lizards (D:2)
  A rat (D:1)
47 creatures vanquished.

Notes
Turn   | Place    | Note
-------+----------+-------------------------------------------
     0 | D:1      | issech the Troll Monk began the quest for the Orb.
     0 | D:1      | Reached XP level 1. HP: 22/22 MP: 0/0
   133 | D:1      | Reached XP level 2. HP: 29/29 MP: 1/1
   185 | D:1      | Reached skill level 3 in Maces & Flails
   299 | D:1      | Found a faded altar of an unknown god.
   692 | D:2      | Reached XP level 3. HP: 33/36 MP: 2/2
  1098 | D:2      | Reached XP level 4. HP: 8/44 MP: 3/3
  1250 | D:3      | Noticed an ogre
  1291 | D:3      | Slain by an ogre

Illustrated notes

Levels and vault maps discovered:
D:1:      dpeg_arrival_solitude, layout_rooms,
          dreamdust_ecumenical_altar_statues
D:2:      layout_basic
D:3:      layout_basic, grunt_ministairs_2

Skill      XL: |  1  2 |
---------------+-------+-----
Maces & Flails | 3 |  3.8
Fighting       | |  2.8
Dodging        | |  2.7
Stealth        | |  1.1

Action                   |  1- 3 |  4- 6 || total
-------------------------+-------+-------++-------
Melee: Mace              |   136 |    12 ||   148
       Punch             |     2 |       ||     2
Throw: Dart              |     2 |     2 ||     4
 Stab: Distracted        |     1 |       ||     1
       Sleeping          |     1 |       ||     1
Armor: Robe              |    53 |     8 ||    61
Dodge: Dodged            |    86 |    12 ||    98

Table legend: (Time is in decaauts)
 A = Elapsed time spent in this place.
 B = Non-inter-level travel time spent in this place.
 C = Inter-level travel time spent in this place.
 D = Time resting spent in this place.
 E = Time spent auto-exploring this place.
 F = Levels seen in this place.
 G = Mean time per level.
                   A        B        C        D        E       F      G
               +--------+--------+--------+--------+--------+-----+--------+
         Total |   1326 |   1291 |     35 |     42 |    689 |   3 |  442.0 |
       Dungeon |   1326 |   1291 |     35 |     42 |    689 |   3 |  442.0 |
               +--------+--------+--------+--------+--------+-----+--------+

Top non-repeatable levels by time:
     D:1: 615 daAuts
     D:2: 554 daAuts
     D:3: 156 daAuts
